 Dungeon Crawl Stone Soup version 0.21.1-1-g345015f (webtiles) character file.

4842 sking99 the Fighter (level 10, -1/91 HPs)
             Began as a Green Draconian Transmuter on June 25, 2018.
             Was a Follower of Fedhas.
             Killed from afar by an electric eel (7 damage)
             ... with a bolt of electricity
             ... on level 11 of the Dungeon.
             The game lasted 00:36:15 (12439 turns).

sking99 the Fighter (Green Draconian Transmuter)   Turns: 12439, Time: 00:36:15

Health: -1/91      AC: 10    Str: 12    XL:     10   Next: 25%
Magic:  14/14      EV: 17    Int: 15    God:    Fedhas [*.....]
Gold:   412        SH:  5    Dex: 14    Spells: 7/15 levels left

rFire    . . .     SeeInvis .     - Unarmed
rCold    . . .     Gourm    .   (no shield)
rNeg     . . .     Faith    .   (armour unavailable)
rPois    +         Spirit   .   (helmet restricted)
rElec    .         Reflect  +   e - +0 cloak
rCorr    .         Harm     .   w - +0 pair of gloves
MR       .....                  q - +0 pair of boots
Stlth    +.........             j - +5 amulet of reflection
HPRegen  0.25/turn              (no ring)
MPRegen  0.14/turn              (no ring)

@: no status effects
A: breathe noxious fumes, unfitting armour, poison resistance, cold-blooded, AC
+7
a: Breathe Noxious Fumes, Fungal Bloom, Evolution, Renounce Religion


You were on level 11 of the Dungeon.
You worshipped Fedhas.
Fedhas was aware of your devotion.
You were not hungry.

You visited 1 branch of the dungeon, and saw 11 of its levels.

You collected 496 gold pieces.
You spent 84 gold pieces at shops.

Inventory:

Missiles
 a - 180 arrows
Armour
 e - a +0 cloak (worn)
 q - a +0 pair of boots (worn)
 w - a +0 pair of gloves (worn)
Jewellery
 j - a +5 amulet of reflection (around neck)
 A - a +3 ring of evasion {unknown}
 O - an uncursed ring of wizardry {unknown}
Wands
 g - a wand of acid (6)
 x - a wand of clouds (5)
 y - a wand of iceblast (9)
 D - a wand of polymorph (14)
 M - a wand of random effects (20)
Scrolls
 d - 16 scrolls of identify {unknown}
 k - 5 scrolls of magic mapping
 o - 3 scrolls of fog {unknown}
 p - 2 scrolls of blinking {unknown}
 r - 9 scrolls of remove curse
 s - 11 scrolls of teleportation {unknown}
 v - 2 scrolls of enchant weapon {unknown}
 z - a scroll of fear {unknown}
 E - 3 scrolls of amnesia {unknown}
 F - 2 scrolls of immolation {unknown}
 H - 5 scrolls of enchant armour {unknown}
 I - a scroll of silence {unknown}
 L - a scroll of random uselessness {unknown}
Potions
 f - 2 potions of flight {unknown}
 h - 2 potions of brilliance {unknown}
 i - a potion of berserk rage {unknown}
 l - 3 potions of lignification {unknown}
 m - 5 potions of curing {unknown}
 n - 5 potions of might {unknown}
 t - 2 potions of heal wounds
 B - a potion of resistance
 G - a potion of agility {unknown}
 J - 2 potions of magic {unknown}
 K - a potion of cancellation {unknown}
Books
 b - a book of Changes

   Spells                             Type                      Level
   a - Beastly Appendage              Transmutation                1
   b - Sticks to Snakes               Transmutation                2
   c - Spider Form                    Transmutation/Poison         3
   d - Ice Form                       Ice/Transmutation            4
   e - Blade Hands                    Transmutation                5
 u - a book of Flames

   Spells                             Type                      Level
   a - Flame Tongue                   Conjuration/Fire             1
   b - Throw Flame                    Conjuration/Fire             2
   c - Conjure Flame                  Conjuration/Fire             3
   d - Inner Flame                    Hexes/Fire                   3
   e - Sticky Flame                   Conjuration/Fire             4
   f - Fireball                       Conjuration/Fire             5
 C - a book of Maledictions

   Spells                             Type                      Level
   a - Corona                         Hexes                        1
   b - Ensorcelled Hibernation        Hexes/Ice                    2
   c - Confuse                        Hexes                        3
   d - Tukima's Dance                 Hexes                        3
   e - Dazzling Spray                 Conjuration/Hexes            3
Comestibles
 c - 13 rations
 N - a chunk of flesh


   Skills:
 - Level 9.2 Fighting
 - Level 0.4 Throwing
 - Level 7.8 Dodging
 - Level 0.5 Stealth
 * Level 7.9 Unarmed Combat
 - Level 3.1 Spellcasting
 + Level 5.6 Transmutations


You had 7 spell levels left.
You knew the following spells:

 Your Spells              Type           Power        Failure   Level  Hunger
a - Beastly Appendage     Tmut           ###...       1%          1    #......
b - Sticks to Snakes      Tmut           ###.....     3%          2    ##.....
c - Blade Hands           Tmut           ###.......   47%         5    ######.


Dungeon Overview and Level Annotations

Branches:
Dungeon (11/15)            Temple (0/1) D:5            Lair (0/6) D:11
    Orc: D:9-12

Altars:
Ashenzari
Cheibriados
Fedhas
Gozag
Hepliaklqana
Kikubaaqudgha
Makhleb
Qazlal
Wu Jian
Yredelemnul

Shops:
D:4 ?   D:7 }

Annotations:
D:4 sking99's ghost, novice BaFi


Innate Abilities, Weirdness & Mutations

You can breathe blasts of noxious fumes.
Your lurid green scales are hard. (AC +7)
You cannot fit into any form of body armour.
Your system is resistant to poisons. (rPois)
You are cold-blooded and may be slowed by cold attacks.


Message History

The bolt of electricity hits the plant.
The bolt of electricity hits you!
The electric eel shoots out a bolt of lightning at you!
The bolt of electricity hits you!
You hit the electric eel. You tail-slap the electric eel.
You punch the electric eel.
The electric eel is severely wounded.
The electric eel shoots out a bolt of lightning at you!
The bolt of electricity hits the plant.
The bolt of electricity hits you!
You closely miss the electric eel.
The electric eel is severely wounded.
The electric eel shoots out a bolt of lightning at you!
The bolt of electricity hits you!
* * * LOW HITPOINT WARNING * * *
The electric eel shoots out a bolt of lightning at you!
The bolt of electricity hits the plant.
The bolt of electricity hits you!
* * * LOW HITPOINT WARNING * * *
The electric eel shoots out a bolt of lightning at you!
The bolt of electricity hits you!
You die...
Fedhas appreciates your contribution to the ecosystem.

....#
######.#
....# #.#
....# #f#
....# #f##
..... #.f#
...## ##.#
...# #.##
## ...[#
#..#♣≈♣#
....#
#..@.;≈♣
#....≈≈P♣
#....P≈P♣
#....≈PP;#
#...≈≈♣♣##
####P♣♣
###


You could see 2 electric eels and a friendly wandering mushroom.

Vanquished Creatures
  A troll (D:9)
  A hornet (D:11)
  A hungry ghost (D:10)
  A water moccasin (D:10)
  2 orc warriors
  2 sky beasts
  3 centaurs
  An ogre (D:9)
  2 wolves (D:8)
  5 bullfrogs
  A scorpion (D:8)
  2 killer bees (D:8)
  A howler monkey (D:10)
  A crimson imp (D:10)
  A centaur zombie (D:9)
  A quasit (D:10)
  4 bullfrog zombies
  An orc priest (D:9)
  5 jellies (D:10)
  6 orc wizards
  3 bullfrog skeletons
  Jessica (D:3)
  4 worker ants
  A hound skeleton (D:4)
  5 adders
  4 gnolls (D:4)
  2 oozes (D:10)
  An adder zombie (D:8)
  A worm (D:2)
  2 adder skeletons
  A dart slug (D:3)
  A leopard gecko (D:7)
  26 orcs
  6 giant cockroaches
  3 goblins
  6 hobgoblins
  A quokka (D:4)
  6 bats
  4 frilled lizards
  7 kobolds
  7 rats
  A toadstool (D:8)
135 creatures vanquished.

Vanquished Creatures (collateral kills)
  A two-headed ogre (D:8)
  The ghost of Theowulf the Thaumaturge, a journeyman DEIE of Makhleb (D:10)
  Grum (D:8)
  2 hungry ghosts
  A black bear (D:10)
  2 sky beasts
  A necrophage (D:9)
  An ogre (D:9)
  A phantom (D:8)
  2 wolves (D:8)
  A centaur (D:9)
  4 bullfrogs
  3 scorpions
  2 killer bees (D:8)
  3 howler monkeys
  A bullfrog skeleton (D:9)
  A jelly (D:6)
  4 hounds
  2 orc priests (D:10)
  A centaur skeleton (D:8)
  2 iguanas
  3 orc wizards
  4 worker ants
  A killer bee zombie (D:10)
  3 adders
  A shadow imp (D:7)
  3 oozes (D:10)
  An adder skeleton (D:6)
  A leopard gecko (D:6)
  11 orcs
  A giant cockroach (D:6)
  3 quokkas
  A ball python zombie (D:5)
70 creatures vanquished.

Vanquished Creatures (others)
  2 killer bees (D:8)
  10 wandering mushrooms
  82 toadstools
94 creatures vanquished.

Grand Total: 299 creatures vanquished

Notes
Turn   | Place    | Note
-------+----------+-------------------------------------------
     0 | D:1      | sking99 the Draconian Transmuter began the quest for the Orb.
     0 | D:1      | Reached XP level 1. HP: 16/16 MP: 3/3
   553 | D:1      | Reached XP level 2. HP: 20/23 MP: 3/5
  1099 | D:2      | Learned a level 2 spell: Sticks to Snakes
  1211 | D:2      | Reached XP level 3. HP: 15/28 MP: 4/6
  2229 | D:3      | Noticed Jessica
  2260 | D:3      | Killed Jessica
  2260 | D:3      | Reached XP level 4. HP: 35/35 MP: 0/7
  2384 | D:3      | Reached skill level 5 in Unarmed Combat
  2460 | D:3      | Found a blossoming altar of Fedhas.
  2460 | D:3      | Found an ancient bone altar of Kikubaaqudgha.
  2483 | D:3      | Became a worshipper of Fedhas Madash
  2673 | D:4      | Noticed sking99's ghost (novice BaFi)
  3045 | D:4      | Found Ofust's Magic Scroll Boutique.
  3069 | D:4      | Bought a scroll of magic mapping for 45 gold pieces
  3069 | D:4      | Bought a scroll of remove curse for 39 gold pieces
  3235 | D:4      | Reached XP level 5. HP: 14/40 MP: 8/8
  4467 | D:4      | Found a burning altar of Makhleb.
  4912 | D:5      | Entered Level 5 of the Dungeon
  4912 | D:5      | Noticed a centaur
  4931 | D:5      | Killed a centaur
  4931 | D:5      | Reached XP level 6. HP: 19/47 MP: 8/10
  5162 | D:5      | Reached * piety under Fedhas
  5329 | D:5      | Reached skill level 2 in Fighting
  5686 | D:5      | Your scales start taking on a lurid green colour.
  5686 | D:5      | Reached XP level 7. HP: 56/56 MP: 11/11
  5686 | D:5      | Gained mutation: Your system is resistant to poisons. (rPois) [Green Draconian growth]
  5778 | D:5      | Found a staircase to the Ecumenical Temple.
  5914 | D:6      | Reached skill level 3 in Fighting
  6133 | D:6      | Found an ornate altar of the Wu Jian Council.
  6261 | D:6      | Reached skill level 4 in Fighting
  6339 | D:6      | Found a snail-covered altar of Cheibriados.
  6999 | D:7      | Found Exatusch's Gadget Boutique.
  7001 | D:7      | Noticed a hungry ghost
  7011 | D:7      | Killed a hungry ghost
  7093 | D:7      | Found a basalt altar of Yredelemnul.
  7332 | D:7      | Reached skill level 5 in Fighting
  7332 | D:7      | Reached XP level 8. HP: 30/68 MP: 12/12
  7525 | D:7      | Found a hazy altar of Hepliaklqana.
  7784 | D:8      | Found a shattered altar of Ashenzari.
  7788 | D:8      | Found an opulent altar of Gozag.
  7789 | D:8      | Found a stormy altar of Qazlal.
  7930 | D:8      | Reached skill level 5 in Dodging
  7945 | D:8      | Reached skill level 6 in Fighting
  8055 | D:8      | Noticed Grum
  8082 | D:8      | Killed Grum
  8115 | D:8      | Noticed a two-headed ogre
  8121 | D:8      | Reached skill level 7 in Fighting
  8142 | D:8      | Killed a two-headed ogre
  8142 | D:8      | Reached XP level 9. HP: 12/80 MP: 13/13
  8771 | D:8      | You fall through a shaft!
  8800 | D:9      | Reached skill level 8 in Fighting
  9349 | D:9      | Found a burning altar of Makhleb.
  9360 | D:9      | Noticed a troll
  9405 | D:9      | Killed a troll
  9405 | D:9      | Reached skill level 9 in Fighting
 10388 | D:10     | Entered Level 10 of the Dungeon
 10738 | D:10     | Noticed Theowulf's ghost (journeyman DEIE)
 10757 | D:10     | Killed Theowulf's ghost
 10757 | D:10     | Reached skill level 5 in Transmutations
 10968 | D:10     | Found a stormy altar of Qazlal.
 11288 | D:10     | Reached XP level 10. HP: 81/91 MP: 14/14
 11422 | D:10     | Learned a level 5 spell: Blade Hands
 12318 | D:11     | Found a staircase to the Lair.
 12439 | D:11     | Killed from afar by an electric eel

Skill      XL: |  1  2  3  4  5  6  7  8  9 10 |
---------------+-------------------------------+-----
Unarmed Combat | 4 5 6 7 |  7.9
Transmutations | 4 5 |  5.6
Spellcasting   | 3 |  3.1
Dodging        | 2 4 6 7 |  7.8
Fighting       | 2 5 7 9 |  9.2
Throwing       | |  0.4
Stealth        | |  0.5

Action                   |  1- 3 |  4- 6 |  7- 9 | 10-12 || total
-------------------------+-------+-------+-------+-------++-------
Melee: Unarmed           |   119 |   199 |   354 |   122 ||   794
       Tailslap          |     4 |    21 |    46 |    12 ||    83
       Kick              |     4 |       |       |       ||     4
       Punch             |     1 |     4 |    11 |     3 ||    19
       Headbutt          |     9 |    13 |    11 |     2 ||    35
Throw: Stone             |    22 |     6 |       |       ||    28
 Cast: Beastly Appendage |    20 |    13 |     6 |     1 ||    40
       Sticks to Snakes  |     2 |    10 |     7 |       ||    19
Invok: Fungal Bloom      |       |     9 |    36 |     8 ||    53
       Evolution         |       |     5 |    12 |       ||    17
 Abil: Breathe Noxious F |       |       |    11 |       ||    11
  Use: Potion            |     1 |       |       |       ||     1
 Stab: Sleeping          |     1 |       |     4 |     2 ||     7
       Distracted        |       |     1 |       |     1 ||     2
       Confused          |       |       |     8 |       ||     8
  Eat: Chunk             |     5 |     6 |     8 |     1 ||    20
       Ration            |       |     2 |     4 |     1 ||     7
Armor: Skin              |    40 |    54 |    92 |    21 ||   207
Dodge: Dodged            |    81 |    94 |   225 |    67 ||   467
Block: Other             |       |    42 |    65 |    20 ||   127
       Reflection        |       |     1 |     3 |       ||     4
